[Event "Titled Tuesday Blitz September 27 Early 2022"]
[White "Maksimenko, Viktor"]
[Black "Seifert, Henryk"]
[WhiteFideId "13710478"]
[BlackFideId "1100963"]
[WhiteElo "2269"]
[BlackElo "2120"]
[Result "1-0"]
[Round "01"]
[TimeControl "180+1"]
[Date "2022.09.27"]
[WhiteClock "0:01:17"]
[BlackClock "0:00:01"]

1. d4 d5 2. c4 c6 3. Nf3 Nf6 4. e3 g6 5. Nc3 Bg7 6. h3 O-O 7. Be2 dxc4 8. Bxc4 c5 9. O-O cxd4 10. exd4 Nbd7 11. Re1 Nb6 12. Bb3 e6 13. Ne5 Nbd5 14. Bg5 Nxc3 15. bxc3 Qc7 16. Qf3 Nd7 17. Ng4 h5 18. Nh2 Rb8 19. Bf4 e5 20. dxe5 Bxe5 21. Rxe5 Nxe5 22. Qg3 Re8 23. Re1 h4 24. Qg5 Qxc3 25. Rxe5 Rxe5 26. Bxe5 Qc1+ 27. Nf1 Qxg5 28. Bxb8 Be6 29. Bxa7 Bxh3 30. Bd5 Qxd5 31. gxh3 Qxa2 32. Bd4 b5 33. Ne3 b4 34. Kg2 b3 35. Nc4 Qc2 36. Ne3 b2 37. Nxc2 b1=Q 38. Ne1 Qe4+ 39. Nf3 g5 40. Kf1 Kf8 41. Bc5+ Kg7 42. Nd2 Qd3+ 43. Ke1 f6 44. Be3 Kg6 45. Nf3 Qc3+ 46. Ke2 Qc2+ 47. Kf1 f5 48. Kg2 Kh5 49. Bxg5 f4 50. Bxf4 Qg6+ 51. Kf1 Qe4 52. Ne5 Qxf4 53. Ng4 Qf3 54. Kg1 Qxh3 55. Nf6+ Kg6 56. Ne4 1-0


[Site "https://www.chess.com"]

[Event "Titled Tuesday Blitz September 27 Early 2022"]
[White "Maltsevskaya, Aleksandra"]
[Black "Ilkhomi, Jaloliddin"]
[WhiteFideId "24174041"]
[BlackFideId "14700948"]
[WhiteElo "2243"]
[BlackElo "1440"]
[Result "1/2-1/2"]
[Round "01"]
[TimeControl "180+1"]
[Date "2022.09.27"]
[WhiteClock "0:00:05"]
[BlackClock "0:00:09"]

1. e4 e6 2. d4 d5 3. Nc3 Bb4 4. e5 c5 5. Bd2 Nc6 6. Nb5 Bxd2+ 7. Qxd2 Nge7 8. f4 Nxd4 9. Nxd4 cxd4 10. Nf3 Nc6 11. Bd3 Bd7 12. O-O Qb6 13. f5 exf5 14. Qg5 Be6 15. Qxg7 O-O-O 16. a3 Rdg8 17. Qf6 Qd8 18. Nh4 Qxf6 19. exf6 Rg5 20. Nxf5 Bxf5 21. Bxf5+ Kd8 22. Rae1 h6 23. g3 Re8 24. Rxe8+ Kxe8 25. Kg2 Kd8 26. b4 a6 27. h4 Rg8 28. g4 Kc7 29. Re1 Kd6 30. Kg3 Ne5 31. Kf4 Re8 32. Rd1 Nc6 33. g5 hxg5+ 34. hxg5 Re2 35. Bd3 Re3 36. Rh1 Ne5 37. g6 fxg6 38. Rh7 Ke6 39. Rxb7 Kxf6 40. Rb6+ Kg7 41. Rxa6 Kh6 42. Ra8 Kg7 43. a4 Kf6 44. Ra6+ Ke7 45. Bxg6 Nxg6+ 46. Rxg6 Rc3 47. Ke5 Rxc2 48. Rg7+ Kd8 49. Kxd4 Rc4+ 50. Kxd5 Rxb4 51. Kd6 Kc8 52. a5 Ra4 53. Kc6 Rc4+ 54. Kb6 Rb4+ 55. Ka7 Rb1 56. Rg4 Kc7 57. Rc4+ Kd7 58. a6 Kd8 59. Rc6 Kd7 60. Rb6 Rc1 61. Ka8 Kc7 62. Rb7+ Kc8 63. Ka7 Ra1 64. Rb4 Rc1 65. Rb5 Rc2 66. Rb6 Rc7+ 67. Rb7 Rc1 68. Ka8 Ra1 69. a7 Ra2 70. Rb8+ Kc7 71. Rb4 Ra1 72. Rc4+ Kb6 73. Kb8 Rxa7 74. Rb4+ Ka5 75. Kxa7 Kxb4 1/2-1/2


[Site "https://www.chess.com"]

[Event "Titled Tuesday Blitz September 27 Early 2022"]
[White "Mangialardo, Tiago Carvalho"]
[Black "Tasev, Dejan"]
[WhiteFideId "2130718"]
[BlackFideId "936618"]
[WhiteElo "2025"]
[BlackElo "2256"]
[Result "0-1"]
[Round "01"]
[TimeControl "180+1"]
[Date "2022.09.27"]
[WhiteClock "0:00:01"]
[BlackClock "0:00:25"]

1. e4 c6 2. d4 d5 3. exd5 cxd5 4. Bd3 Nc6 5. c3 g6 6. Nf3 Bf5 7. O-O Bxd3 8. Qxd3 e6 9. Re1 Bg7 10. Bf4 Nge7 11. Nbd2 O-O 12. Ne5 Rc8 13. Qb5 b6 14. Ndf3 Na5 15. Nd7 Re8 16. Bg5 a6 17. Qxb6 Qxd7 18. Qxa5 Qb7 19. Rab1 Nc6 20. Qa3 Bf8 21. Qb3 Rb8 22. Qc2 Bg7 23. Qd2 Rbc8 24. Qf4 Na5 25. Ne5 Nc4 26. Nxc4 dxc4 27. Re3 Qd5 28. Bf6 Qf5 29. Qxf5 gxf5 30. Bxg7 Kxg7 31. f4 Kf6 32. Re5 Rc6 33. Kf2 Rb8 34. Kf3 Rcb6 35. Re2 a5 36. a4 Rb3 37. Rc2 Ke7 38. h3 Kd6 39. g4 fxg4+ 40. hxg4 h6 41. Ke4 f5+ 42. gxf5 exf5+ 43. Kxf5 Kd5 44. Kg6 R3b6+ 45. Kh5 Ke4 46. Rf2 Kd3 47. f5 Rf8 48. f6 Rfxf6 49. Rxf6 Rxf6 50. Re1 Kc2 51. Re5 Kxb2 52. Rxa5 Kxc3 53. d5 Kd4 54. Rb5 c3 55. Rb1 c2 0-1


[Site "https://www.chess.com"]

[Event "Titled Tuesday Blitz September 27 Early 2022"]
[White "Manukian, Artak"]
[Black "Bacrot, Etienne"]
[WhiteFideId "13301373"]
[BlackFideId "605506"]
[WhiteElo "2524"]
[BlackElo "2666"]
[Result "0-1"]
[Round "01"]
[TimeControl "180+1"]
[Date "2022.09.27"]
[WhiteClock "0:01:24"]
[BlackClock "0:00:48"]

1. e4 c5 2. Nf3 d6 3. c3 Nf6 4. Bd3 Nc6 5. Bc2 Bg4 6. h3 Bh5 7. d3 h6 8. Nbd2 e6 9. Nf1 Be7 10. g4 Bg6 11. Ng3 d5 12. e5 Nd7 13. Qe2 Qc7 14. Bf4 b5 15. O-O Bh7 16. a3 g5 17. Bd2 Ndxe5 18. Nxe5 Qxe5 19. Qxe5 Nxe5 20. Rfd1 c4 21. f4 Nxd3 22. Bxd3 Bxd3 23. fxg5 hxg5 24. Nh5 f5 25. Be3 Kf7 26. Bd4 Rh7 27. Rd2 f4 28. Re1 a5 29. b4 axb4 30. axb4 Ra3 31. Rdd1 Bg6 32. Ra1 Rxa1 33. Rxa1 Bxh5 34. gxh5 Rxh5 35. Ra7 Ke8 36. Ra8+ Kf7 37. Ra7 Rh7 38. Kg2 Kg6 39. Kf3 Bf8 40. Ra6 Kf5 41. Kg2 e5 42. Bc5 Bxc5 43. bxc5 Rc7 44. c6 Ke4 45. Rb6 d4 46. cxd4 exd4 47. Rxb5 Rxc6 0-1


[Site "https://www.chess.com"]

[Event "Titled Tuesday Blitz September 27 Early 2022"]
[White "Manukyan, Sargis A."]
[Black "Kollars, Dmitrij"]
[WhiteFideId "13303970"]
[BlackFideId "12909572"]
[WhiteElo "2187"]
[BlackElo "2584"]
[Result "0-1"]
[Round "01"]
[TimeControl "180+1"]
[Date "2022.09.27"]
[WhiteClock "0:00:01"]
[BlackClock "0:00:44"]

1. d4 d5 2. c4 c6 3. Nf3 Nf6 4. e3 e6 5. b3 c5 6. Bb2 Nc6 7. Bd3 cxd4 8. exd4 Be7 9. O-O O-O 10. Re1 b6 11. Nc3 Bb7 12. Rc1 Rc8 13. h4 dxc4 14. bxc4 Na5 15. Ne5 Nd7 16. Ne4 Nxe5 17. dxe5 Bxe4 18. Rxe4 Nb7 19. h5 Nc5 20. Rd4 Qc7 21. Bb1 Rcd8 22. Qc2 g6 23. Rcd1 Rxd4 24. Bxd4 Rd8 25. hxg6 hxg6 26. Bc3 Rxd1+ 27. Qxd1 Bf8 28. Qd4 Nd7 29. Kf1 Bg7 30. f4 Nc5 31. Bc2 Bf8 32. g3 Qc6 33. Kg1 Nb3 0-1


[Site "https://www.chess.com"]

[Event "Titled Tuesday Blitz September 27 Early 2022"]
[White "Manukyan, Sargis A."]
[Black "Rivas Garcia, Victor"]
[WhiteFideId "13303970"]
[BlackFideId "2217740"]
[WhiteElo "2187"]
[BlackElo "2303"]
[Result "1-0"]
[Round "01"]
[TimeControl "180+1"]
[Date "2022.09.27"]
[WhiteClock "0:01:34"]
[BlackClock "0:00:48"]

1. d4 f5 2. c4 Nf6 3. Nc3 d6 4. Nf3 g6 5. h3 Bg7 6. Bf4 O-O 7. e3 e6 8. Be2 Qe7 9. O-O b6 10. b4 Bb7 11. Rc1 Nbd7 12. Qb3 Kh8 13. Bh2 Ne4 14. Nxe4 fxe4 15. Nd2 Rf7 16. c5 Bd5 17. Bc4 Bxc4 18. Qxc4 d5 19. Qb5 Nf6 20. cxb6 cxb6 21. Rc7 Qf8 22. Rfc1 Ne8 23. Rxf7 Qxf7 24. Qc6 Rd8 25. Nf1 Kg8 26. a4 Qd7 27. Nd2 Bf8 28. b5 Bb4 29. Nb3 Qxc6 30. Rxc6 Kf7 31. Be5 Bd6 32. f4 Bxe5 33. dxe5 Rd7 34. Nd4 Ng7 35. g4 h5 36. Kf2 hxg4 37. hxg4 Ke7 38. Kg3 Kf7 39. Kh4 Re7 40. Kg5 Ne8 41. Rc8 Rc7 42. Rxc7+ Nxc7 43. Nc6 a6 44. Nd4 axb5 45. axb5 Kg7 46. f5 gxf5 47. gxf5 exf5 48. Kxf5 Kf7 49. e6+ Ke7 50. Ke5 Ne8 51. Nf5+ Kd8 52. Kxd5 Nc7+ 53. Ke5 Nxb5 54. e7+ Kd7 55. Kf6 Nc7 56. Kf7 b5 57. Nd4 b4 58. Nb3 Ne8 59. Nc5+ Kc6 60. Kxe8 Kxc5 61. Kd7 b3 62. e8=Q b2 63. Qxe4 1-0


[Site "https://www.chess.com"]

[Event "Titled Tuesday Blitz September 27 Early 2022"]
[White "Marn, Jan"]
[Black "Hafiz, Arif Abdul"]
[WhiteFideId "14619245"]
[BlackFideId "7104227"]
[WhiteElo "2167"]
[BlackElo "2198"]
[Result "0-1"]
[Round "01"]
[TimeControl "180+1"]
[Date "2022.09.27"]
[WhiteClock "0:01:13"]
[BlackClock "0:01:48"]

1. d4 Nf6 2. c4 c6 3. g3 d5 4. Nf3 Bf5 5. Nc3 e6 6. Nh4 Be4 7. f3 Bg6 8. Bg2 dxc4 9. e4 c5 10. Nxg6 hxg6 11. d5 exd5 12. exd5 Bd6 13. Qe2+ Qe7 14. Qxe7+ Kxe7 15. O-O a6 16. a4 Nbd7 17. Re1+ Kd8 18. Bf1 Ne5 19. f4 Nf3+ 20. Kf2 Nxe1 21. Kxe1 Rxh2 22. Bxc4 Kc7 23. Kd1 Rg2 24. Ne2 Rh8 25. Kc2 Rhh2 0-1


[Site "https://www.chess.com"]

[Event "Titled Tuesday Blitz September 27 Early 2022"]
[White "Martin Carmona, Gaston Manuel"]
[Black "Narayanan.S.L"]
[WhiteFideId "22284567"]
[BlackFideId "5058422"]
[WhiteElo "2162"]
[BlackElo "2504"]
[Result "0-1"]
[Round "01"]
[TimeControl "180+1"]
[Date "2022.09.27"]
[WhiteClock "0:00:09"]
[BlackClock "0:01:20"]

1. d4 Nf6 2. c4 g6 3. Nc3 Bg7 4. e4 d6 5. Nf3 O-O 6. Be2 e5 7. dxe5 dxe5 8. Qxd8 Rxd8 9. Bg5 Re8 10. Nd5 Nxd5 11. cxd5 c6 12. Bc4 Nd7 13. dxc6 bxc6 14. O-O-O Nc5 15. Rhe1 Ne6 16. Be3 c5 17. Bd5 Rb8 18. Nd2 Nd4 19. Nc4 Ba6 20. Nd6 Re7 21. Bc4 Bxc4 22. Nxc4 f6 23. f3 Kf7 24. Bd2 Ke6 25. Ne3 Rd7 26. Nd5 Rxd5 27. exd5+ Kxd5 28. Be3 f5 29. Rd3 Rb7 30. Ra3 e4 31. fxe4+ fxe4 32. Rd1 Be5 33. h3 h5 34. Ra6 Kc4 35. b3+ Nxb3+ 36. axb3+ Rxb3 37. Ra4+ Kb5 38. Rxa7 Rxe3 39. Rd5 Bd4 40. Rd6 Kc4 41. Rc7 Kd3 42. Kd1 Rg3 43. Rxc5 Rxg2 44. Rxd4+ Kxd4 45. Rc6 e3 46. Ke1 Ke4 47. Rf6 h4 48. Kf1 Rf2+ 49. Rxf2 exf2 50. Kxf2 Kf4 51. Kg2 Ke3 52. Kh2 Kf3 53. Kh1 Kg3 0-1


[Site "https://www.chess.com"]

[Event "Titled Tuesday Blitz September 27 Early 2022"]
[White "Martin, Lewis"]
[Black "Ernst, Sipke"]
[WhiteFideId "410551"]
[BlackFideId "1004689"]
[WhiteElo "2145"]
[BlackElo "2436"]
[Result "0-1"]
[Round "01"]
[TimeControl "180+1"]
[Date "2022.09.27"]
[WhiteClock "0:00:05"]
[BlackClock "0:00:41"]

1. e4 e5 2. Nf3 Nc6 3. Bb5 Nge7 4. O-O g6 5. c3 a6 6. Ba4 Bg7 7. d4 exd4 8. cxd4 b5 9. Bb3 O-O 10. Re1 d6 11. h3 Na5 12. Bc2 c5 13. Bg5 h6 14. Bh4 Nac6 15. dxc5 g5 16. cxd6 Bxb2 17. dxe7 Qxe7 18. Qd5 Nb4 19. Qxa8 Nxc2 20. Re2 Bxa1 21. Bg3 Nb4 22. Qb8 Qc5 23. Qd6 Qc1+ 24. Re1 Qb2 25. Be5 Qxa2 26. Bxa1 Nc2 27. Qxh6 Qxa1 28. Qxg5+ Qg7 29. Qxg7+ Kxg7 30. Rc1 Nb4 31. Nd4 Rd8 32. Nf3 Be6 33. Nc3 Rc8 34. Nd4 Nd3 35. Rc2 b4 36. Rd2 Rxc3 0-1


[Site "https://www.chess.com"]

[Event "Titled Tuesday Blitz September 27 Early 2022"]
[White "Martinez Alcantara, Jose Eduardo"]
[Black "Ahn, Hongjin"]
[WhiteFideId "3805662"]
[BlackFideId "13201492"]
[WhiteElo "2703"]
[BlackElo "1873"]
[Result "1-0"]
[Round "01"]
[TimeControl "180+1"]
[Date "2022.09.27"]
[WhiteClock "0:01:36"]
[BlackClock "0:00:05"]

1. e4 c5 2. Nf3 Nf6 3. e5 Nd5 4. Nc3 Nxc3 5. dxc3 Nc6 6. Bf4 Qb6 7. Qc1 f6 8. Bd3 g5 9. Bg3 g4 10. Nd2 Nxe5 11. Bxe5 fxe5 12. O-O d5 13. c4 e4 14. Be2 Bh6 15. cxd5 Bf5 16. Qd1 O-O 17. Bxg4 Bg6 18. Qe2 Qxb2 19. Nxe4 Qe5 20. Rae1 b6 21. c4 Rad8 22. g3 Qd4 23. Be6+ Kh8 24. Kg2 Bg7 25. f4 Bf5 26. Bxf5 Rxf5 27. Ng5 e5 28. Ne6 Qc3 29. Nxd8 exf4 30. Rxf4 Rxf4 31. gxf4 Qf6 32. Qe8+ Bf8 33. Qe5 Qxe5 34. fxe5 1-0


[Site "https://www.chess.com"]

[Event "Titled Tuesday Blitz September 27 Early 2022"]
[White "Matinian, Nikita"]
[Black "Zilleruelo Irizarry, Diego"]
[WhiteFideId "24129100"]
[BlackFideId "3101460"]
[WhiteElo "2422"]
[BlackElo "1998"]
[Result "0-1"]
[Round "01"]
[TimeControl "180+1"]
[Date "2022.09.27"]
[WhiteClock "0:00:16"]
[BlackClock "0:00:12"]

1. e4 c6 2. d4 d5 3. e5 c5 4. dxc5 e6 5. a3 Bxc5 6. b4 Bb6 7. Qg4 Ne7 8. Qxg7 Rg8 9. Qxh7 Nbc6 10. Nf3 Nd4 11. Be3 Nxf3+ 12. gxf3 Bd7 13. Bd3 Bxe3 14. fxe3 Qc7 15. f4 Ba4 16. h4 Qb6 17. Kf2 d4 18. e4 Bxc2 19. Rh3 Bxd3 20. Rxd3 O-O-O 21. Nd2 Ng6 22. Nc4 Qb5 23. Rc1 Kb8 24. Kf3 Rh8 25. Qxf7 Nxh4+ 26. Ke2 Ng2 27. Nd6 Qb6 28. Rc5 Rhf8 29. Qe7 Nxf4+ 30. Kd2 Nxd3 31. Kxd3 Qa6+ 32. Kxd4 Rfe8 33. Qc7+ Ka8 34. Ra5 Rxd6+ 35. exd6 Qe2 36. Qc3 e5+ 37. Rxe5 Rd8 38. Rd5 Qf2+ 39. Qe3 Qb2+ 40. Qc3 Qf2+ 41. Kd3 Qf3+ 42. Kd2 Qxe4 43. Qe3 Qxd5+ 0-1


[Site "https://www.chess.com"]

[Event "Titled Tuesday Blitz September 27 Early 2022"]
[White "Matt, Fabian"]
[Black "Weetik, Vjacheslav"]
[WhiteFideId "1623303"]
[BlackFideId "4153472"]
[WhiteElo "2287"]
[BlackElo "2469"]
[Result "0-1"]
[Round "01"]
[TimeControl "180+1"]
[Date "2022.09.27"]
[WhiteClock "0:00:33"]
[BlackClock "0:00:12"]

1. Nf3 Nf6 2. c4 g6 3. g3 c6 4. Bg2 d5 5. b3 a5 6. Bb2 a4 7. O-O Bg7 8. d3 O-O 9. cxd5 cxd5 10. bxa4 Qa5 11. Nc3 Nc6 12. Qd2 Rd8 13. Rab1 d4 14. Nb5 Qxa4 15. Ba1 Nd5 16. Rfc1 e5 17. Rc2 Ra5 18. Rcb2 h6 19. Ne1 e4 20. dxe4 Nc3 21. Rb4 Nxb4 22. Nxc3 Qe8 23. Nd5 Nxd5 24. Qxa5 Nc3 25. Rc1 Nxe2+ 26. Kf1 Nxc1 27. Bb2 Nxa2 28. Qxa2 Be6 29. Qb1 Qb5+ 30. Kg1 d3 31. Bf1 Qxb2 0-1


[Site "https://www.chess.com"]

[Event "Titled Tuesday Blitz September 27 Early 2022"]
[White "Matyukov, Petr"]
[Black "Moksh Amit Doshi"]
[WhiteFideId "4103688"]
[BlackFideId "25064967"]
[WhiteElo "2278"]
[BlackElo "2245"]
[Result "0-1"]
[Round "01"]
[TimeControl "180+1"]
[Date "2022.09.27"]
[WhiteClock "0:00:11"]
[BlackClock "0:01:05"]

1. d4 Nf6 2. c4 e6 3. g3 d5 4. Nf3 dxc4 5. Bg2 a6 6. O-O Nc6 7. Nc3 Be7 8. e4 O-O 9. d5 exd5 10. exd5 Nb4 11. Ne5 Bf5 12. a3 Nd3 13. Nxc4 Nxc1 14. Rxc1 Bc5 15. b4 Ba7 16. d6 Be6 17. Ne2 Rb8 18. dxc7 Qxc7 19. Na5 Qe7 20. Nf4 Bg4 21. Qb3 Bb6 22. Rfe1 Qd7 23. Nc4 Bc7 24. f3 Bxf4 25. gxf4 Be6 26. Qc3 Rbc8 27. Bf1 b5 28. Ne5 Qa7+ 0-1


[Site "https://www.chess.com"]

[Event "Titled Tuesday Blitz September 27 Early 2022"]
[White "Maung, Maung Kyaw Zaw Hein"]
[Black "De Silva, L M S T"]
[WhiteFideId "13001698"]
[BlackFideId "9953698"]
[WhiteElo "1785"]
[BlackElo "1727"]
[Result "0-1"]
[Round "01"]
[TimeControl "180+1"]
[Date "2022.09.27"]
[WhiteClock "0:00:23"]
[BlackClock "0:00:46"]

1. Nf3 Nf6 2. c4 b6 3. g3 Bb7 4. Bg2 e6 5. O-O g6 6. b3 Bg7 7. Bb2 O-O 8. Nc3 Ne4 9. Qc2 Nxc3 10. Bxc3 f6 11. d4 d6 12. Rad1 Nd7 13. e4 Qe7 14. Rfe1 Rad8 15. b4 e5 16. d5 f5 17. h4 f4 18. Ng5 Rf6 19. Ne6 Rxe6 20. dxe6 Qxe6 21. Bb2 Rf8 22. Kh2 Nf6 23. Bh3 Ng4+ 24. Kg1 h5 25. f3 fxg3 26. fxg4 Rf2 27. Qc3 Qf6 28. Bc1 Qxh4 29. Qe3 Qxh3 30. Qxf2 gxf2+ 31. Kxf2 Qh2+ 32. Kf1 Bxe4 0-1


[Site "https://www.chess.com"]

[Event "Titled Tuesday Blitz September 27 Early 2022"]
[White "Melikhov, Evgeny V."]
[Black "Terzi, Alexei"]
[WhiteFideId "4122046"]
[BlackFideId "13505076"]
[WhiteElo "1963"]
[BlackElo "2031"]
[Result "0-1"]
[Round "01"]
[TimeControl "180+1"]
[Date "2022.09.27"]
[WhiteClock "0:00:04"]
[BlackClock "0:00:10"]

1. d4 Nf6 2. c4 e6 3. Nc3 d5 4. cxd5 exd5 5. Bg5 Be7 6. Qc2 O-O 7. e3 c6 8. Bd3 Nbd7 9. Nf3 Re8 10. O-O Nf8 11. h3 Ng6 12. Ne5 Nd7 13. Bxe7 Qxe7 14. Nxg6 hxg6 15. Rab1 a6 16. b4 Qg5 17. a4 Nf6 18. f4 Qh4 19. Qf2 Qxf2+ 20. Kxf2 Bf5 21. Rfd1 b5 22. g4 Bxd3 23. Rxd3 Reb8 24. a5 Ne8 25. e4 Rd8 26. e5 f6 27. h4 Nc7 28. Kg3 Kf7 29. Nd1 fxe5 30. fxe5 Ne6 31. Rc1 Rac8 32. Ne3 Ke7 33. Rcc3 Rf8 34. Rc2 Kd7 35. Rf2 Rxf2 36. Kxf2 Rf8+ 37. Kg3 Rf4 38. Nc2 Re4 39. Kf3 g5 40. h5 Nf4 41. Rd1 Ne6 42. Rd3 Rf4+ 43. Kg3 Nf8 44. Ne3 Ne6 45. Nf5 Ke8 46. Rc3 Kd7 47. Rd3 Rf1 48. Rd2 Rb1 49. Rh2 Rb3+ 50. Kg2 Rxb4 51. h6 Rb2+ 52. Kg3 Rxh2 53. Kxh2 gxh6 54. Nxh6 Nxd4 55. Nf5 Nxf5 56. gxf5 b4 57. Kg3 b3 0-1


[Site "https://www.chess.com"]

[Event "Titled Tuesday Blitz September 27 Early 2022"]
[White "Mickiewicz, Piotr"]
[Black "Perez Ponsa, Federico"]
[WhiteFideId "1114891"]
[BlackFideId "117927"]
[WhiteElo "2246"]
[BlackElo "2604"]
[Result "0-1"]
[Round "01"]
[TimeControl "180+1"]
[Date "2022.09.27"]
[WhiteClock "0:00:02"]
[BlackClock "0:01:41"]

1. e4 c5 2. Nf3 d6 3. Bc4 Nf6 4. d3 Nc6 5. c3 a6 6. a4 Bg4 7. Nbd2 e6 8. Bb3 Be7 9. h3 Bh5 10. Nf1 d5 11. Qe2 c4 12. Bc2 cxd3 13. Bxd3 Ne5 14. g4 Nxd3+ 15. Qxd3 dxe4 16. Qxd8+ Rxd8 17. Ne5 Bg6 18. Ng3 Bd6 19. Nc4 Bc7 20. Be3 Nd5 21. a5 f5 22. Bc5 f4 23. Ne2 f3 24. Nd4 Nf4 25. O-O-O e5 26. Nf5 Bxf5 27. gxf5 Nd3+ 28. Rxd3 Rxd3 29. Ne3 Kf7 30. Kc2 Rhd8 31. Ng4 h5 32. Ne3 Rd2+ 33. Kb3 Rxf2 34. Rg1 Re2 35. Rg5 f2 0-1


[Site "https://www.chess.com"]

[Event "Titled Tuesday Blitz September 27 Early 2022"]
[White "Milikow, Yoav"]
[Black "Jaskolka, Tomasz"]
[WhiteFideId "2822237"]
[BlackFideId "1170791"]
[WhiteElo "2341"]
[BlackElo "2073"]
[Result "1-0"]
[Round "01"]
[TimeControl "180+1"]
[Date "2022.09.27"]
[WhiteClock "0:00:37"]
[BlackClock "0:00:13"]

1. d4 d5 2. c4 c6 3. Nf3 Nf6 4. g3 g6 5. Bg2 Bg7 6. O-O O-O 7. a4 a5 8. cxd5 Nxd5 9. e4 Nb4 10. Nc3 Bg4 11. Be3 e5 12. dxe5 Qxd1 13. Raxd1 Nd7 14. h3 Bxf3 15. Rxd7 Bxg2 16. Kxg2 Bxe5 17. Rfd1 b5 18. f4 Bxc3 19. bxc3 Na2 20. Bd4 Rfd8 21. Rxd8+ Rxd8 22. Ra1 c5 23. Bxc5 Nxc3 24. axb5 Rd2+ 25. Kf3 Rd3+ 26. Be3 Nd1 27. Ke2 Rxe3+ 28. Kxd1 Rxg3 29. Rxa5 Rxh3 30. Kc2 Rh5 31. e5 Rh4 32. b6 Rxf4 33. b7 Rb4 34. Ra8+ Kg7 35. b8=Q Rxb8 36. Rxb8 h5 37. Kd3 g5 38. Ke4 h4 39. Kf5 h3 40. Rb3 h2 41. Rh3 g4 42. Rxh2 f6 43. exf6+ Kf8 44. Rg2 g3 45. Rxg3 Kf7 46. Re3 Kf8 47. Kg6 Kg8 48. Re8# 1-0


[Site "https://www.chess.com"]

[Event "Titled Tuesday Blitz September 27 Early 2022"]
[White "Molina, Roberto Junio Brito"]
[Black "D`Arruda, Ricardo D."]
[WhiteFideId "2109450"]
[BlackFideId "100692"]
[WhiteElo "2403"]
[BlackElo "2475"]
[Result "1-0"]
[Round "01"]
[TimeControl "180+1"]
[Date "2022.09.27"]
[WhiteClock "0:01:22"]
[BlackClock "0:01:34"]

1. d4 Nf6 2. Nf3 e6 3. e3 d5 4. Bd3 c5 5. b3 Nc6 6. O-O Be7 7. Bb2 O-O 8. Nbd2 b6 9. a3 Bb7 10. Qe2 Rc8 11. Rfd1 Re8 12. Rac1 Qc7 13. c4 Qb8 14. dxc5 Bxc5 15. Bxf6 gxf6 16. cxd5 exd5 17. b4 Bd6 18. Nb3 d4 19. Nfxd4 Nxd4 20. Nxd4 Bxh2+ 21. Kh1 Rxc1 22. Rxc1 Be5 23. Qg4+ Kf8 24. Nf5 Rc8 25. Qg7+ Ke8 26. Bb5+ Kd8 27. Qf8# 1-0


[Site "https://www.chess.com"]

[Event "Titled Tuesday Blitz September 27 Early 2022"]
[White "Mouhamad, Joachim"]
[Black "Arabidze, Meri"]
[WhiteFideId "656410"]
[BlackFideId "13604040"]
[WhiteElo "2147"]
[BlackElo "2335"]
[Result "1/2-1/2"]
[Round "01"]
[TimeControl "180+1"]
[Date "2022.09.27"]
[WhiteClock "0:00:07"]
[BlackClock "0:00:15"]

1. e4 c5 2. Nf3 e6 3. d4 cxd4 4. c3 dxc3 5. Nxc3 a6 6. Bc4 b5 7. Bb3 Nc6 8. O-O Bb7 9. Bf4 Be7 10. Qe2 Na5 11. Bc2 Nf6 12. Rfd1 Rc8 13. Rac1 Qb6 14. h3 h6 15. Bb1 Nc4 16. e5 Nd5 17. Bg3 O-O 18. Ne4 Bc6 19. a3 f5 20. exf6 Nxf6 21. Nxf6+ Rxf6 22. Nd4 Bb7 23. Qd3 Rcf8 24. Qh7+ Kf7 25. Bh4 Nxb2 26. Bxf6 Bxf6 27. Nxe6 Nxd1 28. Rxd1 Qxe6 29. Bf5 Qc6 30. Rxd7+ Be7 31. Rxb7 Qxb7 32. Qg6+ Kg8 33. Qh7+ Kf7 34. Qg6+ Kg8 35. Qh7+ Kf7 1/2-1/2


[Site "https://www.chess.com"]

[Event "Titled Tuesday Blitz September 27 Early 2022"]
[White "Nakamura, Hikaru"]
[Black "Perez Gormaz, Matias"]
[WhiteFideId "2016192"]
[BlackFideId "3406342"]
[WhiteElo "2850"]
[BlackElo "2341"]
[Result "1-0"]
[Round "01"]
[TimeControl "180+1"]
[Date "2022.09.27"]
[WhiteClock "0:01:04"]
[BlackClock "0:00:02"]

1. g3 e5 2. Bg2 d5 3. d3 Nf6 4. Nf3 Bd6 5. Nc3 c6 6. e4 O-O 7. O-O h6 8. Re1 d4 9. Nb1 c5 10. a4 Nc6 11. Nh4 Bg4 12. Bf3 Be6 13. Nf5 c4 14. dxc4 Bxc4 15. Be2 Be6 16. Bd3 Re8 17. Qf3 Bf8 18. Bd2 Rc8 19. Na3 Nb4 20. Bb5 Nxc2 21. Nxc2 Rxc2 22. Qd3 Rxb2 23. Bxe8 Qxe8 24. Reb1 Rxd2 25. Qxd2 Nxe4 26. Qe2 Bxf5 27. Rxb7 Qc6 28. Rb8 Ng5 29. f3 d3 30. Qe3 Nxf3+ 31. Kf2 Qc2+ 32. Kxf3 e4+ 33. Kf4 Qc7+ 34. Kxf5 Qxb8 35. Kxe4 Qb2 36. Rd1 Qb4+ 37. Qd4 Qe7+ 38. Kxd3 Qa3+ 39. Ke2 Bc5 40. Qd8+ Kh7 41. Qd3+ Qxd3+ 42. Kxd3 f5 43. a5 1-0


[Site "https://www.chess.com"]

[Event "Titled Tuesday Blitz September 27 Early 2022"]
[White "Narayanan, Srinath"]
[Black "Peatman, Carter"]
[WhiteFideId "5018420"]
[BlackFideId "2096480"]
[WhiteElo "2459"]
[BlackElo "2479"]
[Result "1-0"]
[Round "01"]
[TimeControl "180+1"]
[Date "2022.09.27"]
[WhiteClock "0:00:43"]
[BlackClock "0:00:12"]

1. d4 Nf6 2. Bf4 d5 3. e3 e6 4. Nf3 Bd6 5. Bg3 O-O 6. c4 dxc4 7. Bxc4 c5 8. dxc5 Bxc5 9. Qxd8 Rxd8 10. Nc3 a6 11. Ke2 b5 12. Bd3 Bb7 13. Rhd1 Nc6 14. a4 b4 15. Ne4 Be7 16. Rac1 Nd4+ 17. Nxd4 Bxe4 18. Nc6 Bxd3+ 19. Rxd3 Rxd3 20. Kxd3 Kf8 21. a5 Nd5 22. e4 Bg5 23. Rc4 Nf4+ 24. Bxf4 Bxf4 25. e5 f6 26. Rxf4 Kf7 27. Rxb4 fxe5 28. Ke4 Kf6 29. Rb7 1-0


[Site "https://www.chess.com"]

[Event "Titled Tuesday Blitz September 27 Early 2022"]
[White "Navarrete Mendez, Gonzalo Alberto"]
[Black "Zaichenko, Daria"]
[WhiteFideId "5106850"]
[BlackFideId "4197453"]
[WhiteElo "2261"]
[BlackElo "2039"]
[Result "1-0"]
[Round "01"]
[TimeControl "180+1"]
[Date "2022.09.27"]
[WhiteClock "0:00:17"]
[BlackClock "0:00:01"]

1. e4 c5 2. Nf3 Nc6 3. Nc3 g6 4. Bc4 Bg7 5. O-O e6 6. d4 cxd4 7. Nb5 d6 8. Bg5 Nge7 9. Nfxd4 Nxd4 10. Nxd4 a6 11. Bb3 O-O 12. c3 h6 13. Bh4 g5 14. Bg3 Ng6 15. Qh5 Kh7 16. Rad1 Qe7 17. Nf3 e5 18. h4 g4 19. Ng5+ Kh8 20. Nxf7+ Rxf7 21. Qxg6 Rf6 22. Qh5 Bd7 23. f3 gxf3 24. Rxf3 Raf8 25. Rxf6 Qxf6 26. Qe2 Qg6 27. Kh2 Bg4 28. Qd3 Bxd1 29. Bxd1 Qe6 30. b3 Bf6 31. Qe2 Rg8 32. Qh5 Kh7 33. Be2 Rg6 34. Bf2 Qg8 35. g3 Qe6 36. Be3 b5 37. c4 b4 38. c5 dxc5 39. Bxc5 a5 40. Be3 Qc6 41. Bg4 Rg7 42. Qxh6+ Kg8 43. Bf5 Kf7 44. Qh5+ Ke7 45. Qf3 Qc2+ 46. Kh3 Qb1 47. Bg4 Qc2 48. Bf2 Rf7 49. Qf5 Qc6 50. Be3 Qd6 51. Bg5 1-0


[Site "https://www.chess.com"]

[Event "Titled Tuesday Blitz September 27 Early 2022"]
[White "Nazari, Arad"]
[Black "Balkum, Alexander"]
[WhiteFideId "12577324"]
[BlackFideId "2005069"]
[WhiteElo "2129"]
[BlackElo "2348"]
[Result "1-0"]
[Round "01"]
[TimeControl "180+1"]
[Date "2022.09.27"]
[WhiteClock "0:00:37"]
[BlackClock "0:00:17"]

1. e4 c5 2. Nf3 Nc6 3. Bb5 g6 4. Bxc6 bxc6 5. O-O Bg7 6. Re1 Nh6 7. h3 O-O 8. d3 d6 9. Nbd2 e5 10. b3 f5 11. exf5 Nxf5 12. Bb2 Bd7 13. Ne4 Qe7 14. Qd2 Rae8 15. Re2 d5 16. Ng3 Nd4 17. Nxd4 cxd4 18. Bxd4 Qh4 19. Bc5 Rf7 20. Rae1 g5 21. Be3 h6 22. d4 e4 23. c4 g4 24. hxg4 Bxg4 25. cxd5 cxd5 26. Qa5 Bxe2 27. Rxe2 Qd8 28. Qa6 Rf6 29. Qxa7 Re7 30. Qa3 Rff7 31. Rc2 Ra7 32. Qb4 Rfc7 33. Rxc7 Qxc7 34. Qb5 Rxa2 35. Qxd5+ Qf7 36. Qxe4 Ra1+ 37. Kh2 Qf6 38. d5 Bf8 39. Bd4 1-0


[Site "https://www.chess.com"]